 Dungeon Crawl Stone Soup version 0.21-a0-633-g4c047d5f35 (webtiles) character file.

5499 MrRokkomies the Black Sun (level 10, -3/68 HPs)
             Began as an Octopode Venom Mage on Dec 29, 2017.
             Was a High Priest of Kikubaaqudgha.
             Slain by a blink frog (16 damage)
             ... on level 1 of the Lair of Beasts.
             The game lasted 00:33:18 (10029 turns).

MrRokkomies the Black Sun (Octopode Venom Mage)    Turns: 10029, Time: 00:33:20

Health: -3/68      AC:  9    Str: 12    XL:     10   Next: 70%
Magic:  2/22       EV: 13    Int: 21    God:    Kikubaaqudgha [*****.]
Gold:   284        SH:  8    Dex: 12    Spells: 0/13 levels left

rFire    . . .     SeeInvis +   I - +3 rapier "Icotriso" {pierce, Str+4} (curse)
rCold    + . .     Gourm    .   y - +3 buckler
rNeg     . . .     Faith    +   (helmet restricted)
rPois    +         Spirit   .   l - amulet of faith
rElec    .         Reflect  .   j - ring of protection from magic
rCorr    .         Harm     .   o - ring of flight
MR       +....                  s - +1 ring of slaying
Stlth    +++.......             x - ring of see invisible
HPRegen  0.21/turn              q - ring of magical power
MPRegen  0.18/turn              n - ring of Robustness {AC+8}
                                E - ring of poison resistance
                                F - ring of protection from cold

@: about to teleport
A: almost no armour, stealthy swim, amphibious, 8 rings, constrict 8, camouflage
1, gelatinous body 1
a: Receive Corpses, Torment, Renounce Religion, Evoke Flight


You were on level 1 of the Lair of Beasts.
You worshipped Kikubaaqudgha.
Kikubaaqudgha was extremely pleased with you.
You were not hungry.

You visited 2 branches of the dungeon, and saw 10 of its levels.

You collected 504 gold pieces.
You spent 220 gold pieces at shops.

Inventory:

Hand Weapons
 A - a +3 vampiric short sword
 I - the cursed +3 rapier "Icotriso" (weapon) {pierce, Str+4}
   (You found it on level 8 of the Dungeon)

   It inflicts extra damage upon your enemies.
   It affects your strength (+4).
   It has a curse placed upon it.
Missiles
 g - 6 silver tomahawks (quivered)
 w - 10 tomahawks
Armour
 y - a +3 buckler (worn)
Jewellery
 d - an uncursed amulet of rage
 j - a ring of protection from magic (left tentacle)
 l - an amulet of faith (around mantle)
 n - the ring of Robustness (on tentacle) {AC+8}
   (You found it on level 5 of the Dungeon)

   [ring of protection]

   It affects your AC (+8).
 o - a ring of flight (right tentacle)
 q - a ring of magical power (on tentacle)
 s - a +1 ring of slaying (on tentacle)
 x - a ring of see invisible (on tentacle)
 E - a ring of poison resistance (on tentacle)
 F - a ring of protection from cold (on tentacle)
Wands
 e - a wand of acid (5)
 v - a wand of digging (4)
Scrolls
 c - 2 scrolls of identify
 h - 3 scrolls of teleportation
 k - a scroll of amnesia
 u - a scroll of magic mapping
 B - a scroll of enchant armour
 C - a scroll of remove curse
Potions
 f - 5 potions of curing
 i - a potion of lignification
 r - a potion of magic {unknown}
 t - a potion of resistance {unknown}
 z - 2 potions of brilliance
 D - a potion of agility
 J - a potion of ambrosia {unknown}
Books
 a - a Young Poisoner's Handbook

   Spells                             Type                      Level
   a - Sting                          Conjuration/Poison           1
   b - Poisonous Vapours              Poison/Air                   2
   c - Mephitic Cloud                 Conjuration/Poison/Air       3
   d - Olgreb's Toxic Radiance        Poison                       4
   e - Venom Bolt                     Conjuration/Poison           5
 m - Kikubaaqudgha's Compendium of Dark Magic
   (Kikubaaqudgha gifted it to you on level 3 of the Dungeon)

   Spells                             Type                      Level
   a - Animate Skeleton               Necromancy                   1
   b - Pain                           Necromancy                   1
   c - Sublimation of Blood           Necromancy                   2
   d - Vampiric Draining              Necromancy                   3
 p - a book of Misfortune

   Spells                             Type                      Level
   a - Confusing Touch                Hexes                        1
   b - Confuse                        Hexes                        3
   c - Gell's Gravitas                Translocation                3
   d - Petrify                        Transmutation/Earth          4
   e - Metabolic Englaciation         Hexes/Ice                    5
   f - Yara's Violent Unravelling     Hexes/Transmutation          5
 G - Kikubaaqudgha's Tome of Darkness
   (Kikubaaqudgha gifted it to you on level 7 of the Dungeon)

   Spells                             Type                      Level
   a - Animate Dead                   Necromancy                   4
   b - Bolt of Draining               Conjuration/Necromancy       5
   c - Borgnjor's Vile Clutch         Necromancy/Earth             5
   d - Dispel Undead                  Necromancy                   5
   e - Death Channel                  Necromancy                   6
 H - a book of Air

   Spells                             Type                      Level
   a - Shock                          Conjuration/Air              1
   b - Swiftness                      Charms/Air                   2
   c - Static Discharge               Conjuration/Air              3
   d - Airstrike                      Air                          4
   e - Lightning Bolt                 Conjuration/Air              5
Comestibles
 b - 9 rations
 K - 2 chunks of flesh


   Skills:
 - Level 6.2 Fighting
 - Level 2.0 Dodging
 - Level 2.6 Stealth
 - Level 6.0 Shields
 - Level 2.0 Spellcasting
 - Level 4.1 Conjurations
 - Level 4.0 Hexes
 * Level 9.3 Necromancy
 * Level 4.9 Earth Magic
 - Level 6.1 Poison Magic


You couldn't memorise any spells.
You knew the following spells:

 Your Spells              Type           Power        Failure   Level  Hunger
a - Borgnjor's Vile Clut  Necr/Erth      ####......   22%         5    ######.
b - Poisonous Vapours     Pois/Air       ###...       6%          2    ##.....
c - Mephitic Cloud        Conj/Pois/Air  ###.....     11%         3    ###....
d - Confuse               Hex            ###.....     9%          3    ###....


Dungeon Overview and Level Annotations

Branches:
Dungeon (9/15)             Temple (0/1) D:6            Lair (1/6) D:8
    Orc: D:9-12

Altars:
Cheibriados
Elyvilon
Kikubaaqudgha
Okawaru
The Shining One

Shops:
D:4 [   D:6 =   D:9 (

Annotations:
D:8 Roak's ghost, novice OpFi


Innate Abilities, Weirdness & Mutations

You cannot wear most types of armour.
You are very stealthy in the water. (Stealth+)
You are amphibious.
You can wear up to eight rings at the same time.
You can use your tentacles to constrict eight enemies at once.
Your skin changes colour to match your surroundings (Stealth+).
Your rubbery body absorbs attacks. (AC +1, EV +1)


Message History

Aim: a blink frog (lightly wounded, poisoned) Poisonous vapours surround the blink frog!
The blink frog is engulfed in poison gas.
The blink frog looks even sicker.
The blink frog blinks!
The blink frog looks more healthy.
The blink frog blinks! x2
The blink frog looks more healthy.
The killer bee closely misses you. The blink frog hits you!!
* * * LOW HITPOINT WARNING * * *
A killer bee comes into view.
As you read the scroll of teleportation, it crumbles to dust.
You feel strangely unstable. The killer bee closely misses you.
You block the blink frog's attack. The killer bee closely misses you.
You barely miss the killer bee. You grab the killer bee.
You constrict the killer bee. You block the killer bee's attack.
The blink frog hits you.
* * * LOW HITPOINT WARNING * * *
The blink frog blinks!
The killer bee misses you. The blink frog hits you!
You die...
Kikubaaqudgha rasps: "You have failed me!
Welcome... death!"

. ##<......7 #..(.#
###......>.7
.F..######.##....!.7y
..................77
..................7
.##.#F##..........7
#...F.#.######....7
#...§.+y# .....y
#..F@†#.# ......
#.#####y#†## ......
.........†.# .....
#.........##
#..Y......#
#.........#
#.........#
#.........#
#(........#


You could see 4 blink frogs and a killer bee.

Vanquished Creatures
  A cyclops (D:8)
  A komodo dragon (D:8)
  A spriggan (D:8)
  6 yaks (Lair:1)
  Sigmund (D:6)
  A water moccasin (D:9)
  Duvessa (D:6)
  A black bear (D:6)
  2 ice beasts
  3 orc warriors
  A sky beast (D:8)
  A phantom (D:6)
  A necrophage (D:8)
  4 ogres
  A crocodile (D:7)
  A centaur (D:6)
  2 bullfrogs
  Dowan (D:6)
  4 scorpions
  5 killer bees (Lair:1)
  3 wights (D:7)
  2 howler monkeys (D:7)
  A bullfrog zombie (D:7)
  5 crimson imps
  3 jellies (D:7)
  A quasit (D:7)
  A bullfrog skeleton (D:6)
  6 hounds
  6 orc priests
  Crazy Yiuf (D:5)
  2 centaur skeletons (D:7)
  3 iguanas (D:5)
  7 orc wizards
  5 worker ants
  A killer bee zombie (D:8)
  A hound zombie (D:8)
  A mummy (D:7)
  3 worker ant zombies
  3 gnolls (D:7)
  10 adders
  A shadow imp (D:5)
  An adder zombie (D:9)
  3 worms
  2 dart slugs
  6 leopard geckos
  40 orcs
  A ball python (D:7)
  8 giant cockroaches
  6 goblins
  10 hobgoblins
  4 kobolds
  5 quokkas
  6 bats
  6 frilled lizards
  A jackal skeleton (D:6)
  A leopard gecko zombie (D:7)
  15 rats
220 creatures vanquished.

Vanquished Creatures (others)
  A fungus (Lair:1)
  13 plants (D:8)
14 creatures vanquished.

Grand Total: 234 creatures vanquished

Notes
Turn   | Place    | Note
-------+----------+-------------------------------------------
     0 | D:1      | MrRokkomies the Octopode Venom Mage began the quest for the Orb.
     0 | D:1      | Reached XP level 1. HP: 11/11 MP: 3/3
   317 | D:1      | Reached XP level 2. HP: 17/17 MP: 1/5
   321 | D:1      | Learned a level 2 spell: Poisonous Vapours
  1145 | D:1      | Reached XP level 3. HP: 19/21 MP: 6/6
  2411 | D:2      | Reached XP level 4. HP: 19/27 MP: 7/7
  2884 | D:3      | Reached skill level 5 in Poison Magic
  2946 | D:3      | Reached XP level 5. HP: 21/31 MP: 5/8
  2950 | D:3      | Found an ancient bone altar of Kikubaaqudgha.
  3078 | D:3      | Became a worshipper of Kikubaaqudgha
  3547 | D:3      | Found a faded altar of an unknown god.
  3619 | D:3      | Reached * piety under Kikubaaqudgha
  3619 | D:3      | Identified Kikubaaqudgha's Compendium of Dark Magic (Kikubaaqudgha gifted it to you on level 3 of the Dungeon)
  3619 | D:3      | Received a gift from Kikubaaqudgha
  3690 | D:3      | Learned a level 3 spell: Mephitic Cloud
  4096 | D:4      | Noticed a phantom
  4100 | D:4      | Found Evakh's Antique Armour Boutique.
  4113 | D:4      | Reached XP level 6. HP: 33/36 MP: 9/9
  4130 | D:5      | Entered Level 5 of the Dungeon
  4207 | D:5      | Found the ring of Robustness {AC+8}
  4246 | D:5      | Learned a level 3 spell: Confuse
  4335 | D:5      | Noticed an ice beast
  4625 | D:4      | Found an iron altar of Okawaru.
  4635 | D:4      | Reached skill level 1 in Shields
  4635 | D:4      | Reached skill level 1 in Hexes
  4722 | D:4      | Found a white marble altar of Elyvilon.
  4741 | D:4      | Reached XP level 7. HP: 34/41 MP: 9/10
  5299 | D:5      | Reached ** piety under Kikubaaqudgha
  5650 | D:5      | Found a runed door.
  5660 | D:5      | Noticed Crazy Yiuf
  5669 | D:5      | Killed Crazy Yiuf
  5866 | D:6      | Found a snail-covered altar of Cheibriados.
  5884 | D:6      | Reached skill level 1 in Necromancy
  5884 | D:6      | Reached XP level 8. HP: 46/46 MP: 11/11
  5912 | D:6      | Reached skill level 2 in Necromancy
  5921 | D:6      | Reached skill level 5 in Shields
  5947 | D:6      | Noticed Duvessa
  5955 | D:6      | Noticed Dowan
  5964 | D:6      | Killed Duvessa
  5964 | D:6      | Reached skill level 3 in Necromancy
  5981 | D:6      | Killed Dowan
  6194 | D:6      | Found Osazir's Jewellery Shop.
  6201 | D:6      | Bought an uncursed ring of poison resistance for 220 gold pieces
  6313 | D:6      | Reached skill level 4 in Necromancy
  6472 | D:6      | Found a staircase to the Ecumenical Temple.
  6512 | D:6      | Found a glowing golden altar of the Shining One.
  6536 | D:6      | Noticed Sigmund
  6542 | D:6      | Killed Sigmund
  6542 | D:6      | Reached skill level 1 in Fighting
  6616 | D:7      | Reached XP level 9. HP: 40/54 MP: 12/12
  6710 | D:7      | Reached skill level 5 in Necromancy
  6746 | D:7      | Reached *** piety under Kikubaaqudgha
  6746 | D:7      | Identified Kikubaaqudgha's Tome of Darkness (Kikubaaqudgha gifted it to you on level 7 of the Dungeon)
  6746 | D:7      | Received a gift from Kikubaaqudgha
  6938 | D:8      | Noticed Roak's ghost (novice OpFi)
  7337 | D:7      | Reached skill level 6 in Necromancy
  7786 | D:7      | Reached **** piety under Kikubaaqudgha
  7839 | D:7      | Reached skill level 5 in Fighting
  8006 | D:7      | You fall through a shaft for 2 floors!
  8006 | D:9      | Found Ranguskahac's Antique Weapon Boutique.
  8017 | D:9      | Reached skill level 7 in Necromancy
  8231 | D:8      | Noticed a cyclops
  8256 | D:8      | Reached XP level 10. HP: 48/68 MP: 13/13
  8500 | D:8      | Learned a level 5 spell: Borgnjor's Vile Clutch
  8558 | D:8      | Got a transparent rapier
  8846 | D:8      | Killed a cyclops
  8846 | D:8      | Reached skill level 8 in Necromancy
  9225 | D:8      | Found a staircase to the Lair.
  9630 | D:8      | Reached ***** piety under Kikubaaqudgha
  9809 | D:8      | Identified the cursed +3 rapier "Icotriso" {pierce, Str+4} (You found it on level 8 of the Dungeon)
  9894 | Lair:1   | Entered Level 1 of the Lair of Beasts
  9929 | Lair:1   | Reached skill level 9 in Necromancy
 10029 | Lair:1   | Slain by a blink frog

Vault maps used:
D:1:      evilmike_arrival_rings
D:2:      hex_medium
D:3:      kiku_gazebo_pond_becter, chequers_ecumenical_altar_simple
D:4:      okawaru_ov_weapons_minmay, elyvilon_altar_5, serial_shops, shop
D:5:      serial_bayou, serial_bayou_lagoon_a, serial_bayou_crossing,
          serial_bayou_pond_d, serial_bayou_lake_a, first_ration,
          nrook_mini_backslash, uniq_crazy_yiuf_cottage
D:6:      minmay_opposing_rooms, nicolae_overflow_crystal_walls, temple_green,
          serial_shops, shop, st_stairs_4, tso_metal_star, uniq_prince_ribbit1,
          uniq_sigmund, uniq_duvessa, uniq_edmund
D:7:      gup_ossuary_entry_pyramid
D:8:      david_lair_shrubbed, the_bakery, hangedman_incinerator
D:9:      minitemple, serial_shops, nicolae_shop_overgrown_old_shop,
          special_room
Lair:1:   wad_woods_minihive, portal_ice_cave_entry_pillars_2

Skill      XL: |  1  2  3  4  5  6  7  8  9 10 |
---------------+-------------------------------+-----
Poison Magic   | 4 5 6 |  6.1
Conjurations   | 2 3 4 |  4.1
Shields        | 2 4 6 |  6.0
Hexes          | 2 4 |  4.0
Necromancy     | 1 4 7 9 |  9.3
Fighting       | 2 6 |  6.2
Earth Magic    | 4 |  4.9
Dodging        | |  2.0
Stealth        | |  2.6
Spellcasting   | |  2.0

Action                   |  1- 3 |  4- 6 |  7- 9 | 10-12 || total
-------------------------+-------+-------+-------+-------++-------
Melee: Short sword       |     8 |    64 |   398 |    73 ||   543
       Constrict         |    13 |    34 |    70 |    11 ||   128
       Unarmed           |     4 |       |       |       ||     4
       Mace              |    30 |    39 |       |       ||    69
       Tentacles         |     3 |    21 |    66 |    22 ||   112
       Dagger            |       |    11 |       |       ||    11
       Rapier            |       |       |       |    32 ||    32
Throw: Tomahawk          |       |       |       |     1 ||     1
 Cast: Sting             |    28 |     2 |       |       ||    30
       Poisonous Vapours |    14 |    12 |    28 |    27 ||    81
       Confuse           |       |       |    34 |     1 ||    35
       Mephitic Cloud    |       |       |    12 |     5 ||    17
  Use: Scroll            |     3 |    10 |     4 |     5 ||    22
       Potion            |       |     1 |     2 |     1 ||     4
 Stab: Sleeping          |     4 |    16 |    12 |     1 ||    33
       Confused          |       |       |    16 |     3 ||    19
       Distracted        |       |       |     1 |       ||     1
  Eat: Chunk             |     6 |     5 |    17 |     2 ||    30
       Ration            |       |     2 |     1 |     2 ||     5
Armor: Skin              |     9 |    28 |    85 |    38 ||   160
Dodge: Dodged            |    43 |    76 |   170 |    56 ||   345
Block: Buckler           |       |     5 |   137 |    57 ||   199

Table legend:
 A = Spawn XP
 B = Non-spawn XP
 C = Spawn XP percentage of total XP
 D = Spawn monster count
 E = Non-spawn monster count
 F = Spawn count percentage of total count
 G = Total turns spent on level
                    A         B        C        D         E        F      G
               +---------+---------+-------+---------+---------+-------+---------
         Total |       0 |    7857 |   0.0 |       0 |     220 |   0.0 | 10029
               +---------+---------+-------+---------+---------+-------+---------
           D:1 |       0 |      34 |   0.0 |       0 |      20 |   0.0 |  1536
           D:2 |       0 |      57 |   0.0 |       0 |      19 |   0.0 |  1398
           D:3 |       0 |     199 |   0.0 |       0 |      31 |   0.0 |  1205
           D:4 |       0 |     454 |   0.0 |       0 |      15 |   0.0 |   807
           D:5 |       0 |     401 |   0.0 |       0 |      13 |   0.0 |   873
           D:6 |       0 |    1200 |   0.0 |       0 |      19 |   0.0 |   787
           D:7 |       0 |    1641 |   0.0 |       0 |      47 |   0.0 |  1503
           D:8 |       0 |    1897 |   0.0 |       0 |      21 |   0.0 |  1560
           D:9 |       0 |     534 |   0.0 |       0 |      23 |   0.0 |   225
        Lair:1 |       0 |    1440 |   0.0 |       0 |      12 |   0.0 |   135
               +---------+---------+-------+---------+---------+-------+---------
